 Dungeon Crawl Stone Soup version 0.20-a0-839-gdaf5c57 (webtiles) character file.

874 dvd the Stinger (level 8, -2/48 HPs)
             Began as an Octopode Venom Mage on Mar 8, 2017.
             Was a Follower of Sif Muna.
             Splashed by a jelly's acid (3 damage)
             ... on level 6 of the Dungeon.
             The game lasted 00:14:40 (5160 turns).

dvd the Stinger (Octopode Venom Mage)               Turns: 5160, Time: 00:14:40

Health: -2/48      AC:  1    Str:  8    XL:     8   Next: 4%
Magic:  15/15      EV: 14    Int: 18    God:    Sif Muna [*.....]
Gold:   371        SH:  0    Dex: 13    Spells: 9/16 levels left

rFire    . . .     SeeInvis .   c - +0 whip
rCold    . . .     Gourm    .   (no shield)
rNeg     + . .     Faith    .   (helmet restricted)
rPois    .         Spirit   .   (no amulet)
rElec    .         Reflect  .   f - ring of positive energy
rCorr    .         Harm     .   l - ring of wizardry
MR       .....                  (no ring)
Stlth    +++.......             (no ring)
Regen    0.2/turn               (no ring)
MPRegen  0.2/turn               (no ring)
                                (no ring)
                                (no ring)

@: divine energy
A: almost no armour, stealthy swim, amphibious, 8 rings, constrict 8, camouflage
1, gelatinous body 1
a: Stop Divine Energy, Renounce Religion


You were on level 6 of the Dungeon.
You worshipped Sif Muna.
Sif Muna was aware of your devotion.
You were near starving.

You visited 2 branches of the dungeon, and saw 7 of its levels.

You collected 371 gold pieces.

Inventory:

Hand Weapons
 c - a +0 whip (weapon)
Missiles
 w - 11 javelins (quivered)
Armour
 A - a +0 shield
Jewellery
 f - a ring of positive energy (left tentacle)
 l - a ring of wizardry (right tentacle)
 r - an uncursed ring of protection from fire {unknown}
Scrolls
 g - 9 scrolls of identify {unknown}
 h - 2 scrolls of magic mapping {unknown}
 j - a scroll of fog {unknown}
 k - 8 scrolls of teleportation {unknown}
 m - a scroll of immolation {unknown}
 n - 3 scrolls of enchant weapon {unknown}
 q - 2 scrolls of recharging {unknown}
 s - a scroll of blinking {unknown}
 x - a scroll of remove curse {unknown}
 y - 2 scrolls of fear {unknown}
Potions
 e - 2 potions of brilliance {unknown}
 i - 4 potions of curing {unknown}
 t - a potion of lignification {unknown}
 u - a potion of agility {unknown}
 v - a potion of might {unknown}
 z - a potion of ambrosia {unknown}
 B - a potion of cancellation {unknown}
Books
 a - a Young Poisoner's Handbook

   Spells                             Type                      Level
   a - Sting                          Conjuration/Poison           1
   b - Poisonous Vapours              Poison/Air                   2
   c - Mephitic Cloud                 Conjuration/Poison/Air       3
   d - Olgreb's Toxic Radiance        Poison                       4
   e - Venom Bolt                     Conjuration/Poison           5
Comestibles
 b - 5 bread rations
 d - 2 meat rations
 o - 4 fruits
 p - a royal jelly


   Skills:
 + Level 1.4 Fighting
 + Level 2.4 Maces & Flails
 + Level 0.2 Throwing
 + Level 2.8 Dodging
 + Level 3.5 Stealth
 + Level 4.8 Spellcasting
 + Level 1.6 Conjurations
 + Level 2.5 Air Magic
 + Level 6.9 Poison Magic


You had 9 spell levels left.
You knew the following spells:

 Your Spells              Type           Power        Failure   Level  Hunger
a - Sting                 Conj/Pois      ###.         1%          1    None
b - Poisonous Vapours     Pois/Air       ###...       1%          2    #......
c - Olgreb's Toxic Radia  Pois           ####....     4%          4    ####...


Dungeon Overview and Level Annotations

Branches:
Dungeon (6/15)             Temple (1/1) D:4

Altars:
Ashenzari
Cheibriados
Elyvilon
Fedhas
Gozag
Hepliaklqana
Kikubaaqudgha
Makhleb
Nemelex Xobeh
Okawaru
Ru
Sif Muna
Trog
Uskayaw
Vehumet
Wu Jian
Xom
Yredelemnul
Zin


Innate Abilities, Weirdness & Mutations

You cannot wear most types of armour.
You are very stealthy in the water. (Stealth+)
You are amphibious.
You can wear up to eight rings at the same time.
You can use your tentacles to constrict eight enemies at once.
Your skin changes colour to match your surroundings (Stealth+).
Your rubbery body absorbs attacks. (AC +1, EV +1)


Message History

The floor.
You are no longer corroded.
The jelly jiggles.
You hit the jelly.
Your tentacles burn!
You squeeze the jelly.
The jelly is heavily wounded.
The jelly closely misses you.
You hit the jelly.
Your tentacles burn!
* * * LOW HITPOINT WARNING * * *
The jelly is severely wounded.
The jelly barely misses you.
You are near starving!
You barely miss the jelly.
You squeeze the jelly, but do no damage.
The jelly is severely wounded.
The jelly hits you.
* * * LOW HITPOINT WARNING * * *
You are splashed with acid!
The acid burns!
* * * LOW HITPOINT WARNING * * *
You hit the jelly.
Your tentacles burn!
You die...

#.#......##
#.........#
###.......# ##......#
##.##.## #.# . #.##.#
#.##. #.##.# #.#..
#<##.# #.#.#
#@##.##### #.#.#
#J##.....# #.#.#
#.######.#####.#.# #
#.######..........
....#.........)....#..
#................#.#
###..##########.##.#
#..# #.# .. #... #.#
.#


You could see a jelly.

Vanquished Creatures
  2 ogres
  A bullfrog (D:6)
  A scorpion (D:4)
  A howler monkey (D:4)
  A crimson imp (D:5)
  An orc priest (D:6)
  A bullfrog skeleton (D:5)
  2 hounds
  A jelly (D:6)
  An orc wizard (D:6)
  Ijyb (D:3)
  4 worker ants
  2 hound skeletons
  4 adders
  6 gnolls (D:4)
  2 shadow imps (D:5)
  An ooze (D:2)
  2 worms
  4 dart slugs
  2 leopard geckos
  7 orcs
  A ball python (D:4)
  A giant cockroach (D:1)
  7 goblins
  5 hobgoblins
  4 jackals (D:1)
  5 quokkas
  7 bats
  4 frilled lizards
  6 kobolds
  8 rats
95 creatures vanquished.

Notes
Turn   | Place    | Note
-------+----------+-------------------------------------------
     0 | D:1      | dvd the Octopode Venom Mage began the quest for the Orb.
     0 | D:1      | Reached XP level 1. HP: 11/11 MP: 3/3
    88 | D:1      | Reached XP level 2. HP: 8/17 MP: 3/5
   241 | D:1      | Learned a level 2 spell: Poisonous Vapours
   419 | D:1      | Reached skill level 4 in Poison Magic
   984 | D:2      | Reached XP level 3. HP: 20/21 MP: 0/6
  1125 | D:2      | Found a faded altar of an unknown god.
  1132 | D:2      | Became a worshipper of Elyvilon the Healer
  1132 | D:2      | Reached * piety under Elyvilon
  1660 | D:2      | Found a deep blue altar of Sif Muna.
  1666 | D:2      | Fell from the grace of Elyvilon
  1666 | D:2      | Became a worshipper of Sif Muna the Loreminder
  1678 | D:2      | Reached XP level 4. HP: 24/27 MP: 3/8
  1866 | D:2      | Learned a level 4 spell: Olgreb's Toxic Radiance
  2358 | D:3      | Noticed Ijyb
  2370 | D:3      | Killed Ijyb
  2370 | D:3      | Reached skill level 1 in Air Magic
  2370 | D:3      | Reached XP level 5. HP: 24/31 MP: 1/9
  2511 | D:3      | Reached skill level 5 in Poison Magic
  2953 | D:4      | Found a staircase to the Ecumenical Temple.
  3254 | D:4      | Reached XP level 6. HP: 35/36 MP: 6/11
  3471 | D:4      | Reached skill level 1 in Maces & Flails
  3594 | D:4      | Found a snail-covered altar of Cheibriados.
  3874 | D:4      | Noticed a phantom
  3902 | Temple   | Entered the Ecumenical Temple
  4293 | D:5      | Entered Level 5 of the Dungeon
  4304 | D:5      | Found a sacrificial altar of Ru.
  4399 | D:5      | Reached XP level 7. HP: 38/42 MP: 13/13
  4419 | D:5      | Reached skill level 1 in Fighting
  4419 | D:5      | Reached skill level 6 in Poison Magic
  4467 | D:5      | Found a basalt altar of Yredelemnul.
  4493 | D:5      | Reached * piety under Sif Muna
  4948 | D:6      | Reached XP level 8. HP: 29/48 MP: 0/15
  5159 | D:6      | HP: 1/48 [acid (8)]
  5160 | D:6      | Splashed by a jelly's acid

Vault maps used:
D:1:      matt_arrival_grand_opening
D:2:      led_sif_pool, chequers_ecumenical_altar_simple_redux,
          minmay_misc_feat_square, kennysheep_doodads, minmay_misc_feat_encased
D:3:      uniq_iyjb
D:4:      kennysheep_slug_shrine, minmay_temple_entry_junction_2, serial_shops,
          nicolae_shop_behind_doors, minmay_misc_feat_ornament
D:5:      nicolae_ru_sacrificial_ziggurat, basic_altar, first_bread
D:6:      lemuel_coloured_pillars_altar, basic_altar, serial_shops,
          nicolae_shop_window_shopping
Temple:   eino_wide_crystal_templ

Skill      XL: |  1  2  3  4  5  6  7 |
---------------+----------------------+-----
Poison Magic   | 4 5 6 |  6.9
Spellcasting   | 3 4 |  4.8
Air Magic      | 1 2 |  2.5
Stealth        | 3 |  3.5
Maces & Flails | 1 2 |  2.4
Fighting       | 1 |  1.4
Throwing       | |  0.2
Dodging        | |  2.8
Conjurations   | |  1.6

Action                   |  1- 3 |  4- 6 |  7- 9 || total
-------------------------+-------+-------+-------++-------
Melee: Whip              |    41 |    51 |    31 ||   123
       Constrict         |    15 |    15 |     6 ||    36
       Tentacles         |     6 |     9 |     8 ||    23
Throw: Javelin           |       |       |     1 ||     1
 Cast: Sting             |    28 |    13 |     2 ||    43
       Poisonous Vapours |    13 |    40 |    12 ||    65
       Olgreb's Toxic Ra |       |     4 |     5 ||     9
Invok: Divine Energy     |       |       |     1 ||     1
 Stab: Sleeping          |     2 |     2 |       ||     4
  Eat: Chunk             |     3 |    10 |     3 ||    16
Armor: Skin              |     4 |     2 |     2 ||     8
Dodge: Dodged            |    31 |    24 |    19 ||    74
